 Dungeon Crawl Stone Soup version 0.21.1-1-g345015f (webtiles) character file.

446 sankara the Cutter (level 7, -11/45 HPs)
             Began as a Halfling Fighter on Feb 15, 2018.
             Mangled by Duvessa
             ... wielding a +0 short sword
              (12 damage)
             ... on level 4 of the Dungeon.
             The game lasted 00:14:09 (4157 turns).

sankara the Cutter (Halfling Fighter)               Turns: 4157, Time: 00:14:10

Health: -11/45     AC:  8    Str: 23    XL:     7   Next: 24%
Magic:  7/7        EV:  9    Int: 12    God:
Gold:   197        SH: 10    Dex: 15    Spells: 6/6 levels left

rFire    . . .     SeeInvis .   g - -1 hunting sling (curse)
rCold    . . .     Gourm    .   c - +0 shield
rNeg     . . .     Faith    .   b - +0 scale mail
rPois    .         Spirit   .   o - +0 helmet
rElec    .         Reflect  .   (no cloak)
rCorr    .         Harm     .   (no gloves)
MR       .....                  (no boots)
Stlth    +.........             h - amulet of rage
HPRegen  0.15/turn              m - +6 ring of intelligence
MPRegen  0.10/turn              (no ring)

@: mighty, berserk cooldown, flying, hasted, very quick
A: small, mutation resistance 1
a: Evoke Berserk Rage


You were on level 4 of the Dungeon.
You were not hungry.

You visited 1 branch of the dungeon, and saw 4 of its levels.

You collected 197 gold pieces.

Inventory:

Hand Weapons
 a - a +0 rapier
 g - a cursed -1 hunting sling (weapon)
 p - a +1 dagger of venom
 u - a +1 dagger of venom
Missiles
 e - 56 stones (quivered)
 k - 24 poisoned needles
 E - 14 sling bullets
Armour
 b - a +0 scale mail (worn)
 c - a +0 shield (worn)
 n - a +0 chain mail
 o - a +0 helmet (worn)
Jewellery
 h - an amulet of rage (around neck)
 j - an uncursed ring of ice
 m - a +6 ring of intelligence (left hand)
 v - an uncursed amulet of faith
Wands
 y - a wand of random effects (33)
Scrolls
 q - a scroll of blinking
 w - a scroll of teleportation
 x - a scroll of identify
 D - a scroll of remove curse {unknown}
Potions
 d - a potion of might
 i - 3 potions of mutation
 s - a potion of heal wounds
Comestibles
 f - 7 rations
 C - 4 chunks of flesh


   Skills:
 - Level 2.6 Fighting
 + Level 6.4 Short Blades
 + Level 6.2 Slings
 - Level 3.2 Armour
 - Level 2.2 Stealth
 - Level 3.2 Shields


You had 6 spell levels left.
You didn't know any spells.

Dungeon Overview and Level Annotations

Branches:
Dungeon (4/15)
 Temple: D:4-7

Altars:
Ashenzari
Trog

Annotations:
D:4 Duvessa


Innate Abilities, Weirdness & Mutations

You are small and have problems with some larger weapons.
You are somewhat resistant to further mutation.


Message History

Press: ? - help, Shift-Dir - straight line, f/p - Duvessa
Aim: Duvessa, wielding a short sword, wearing a runed scale mail and wearing a golden ring (moderately wounded, berserk, fast, unusually strong)
You shoot a stone. The stone barely misses Duvessa.
Duvessa hits you with a short sword!
* * * LOW HITPOINT WARNING * * *
Firing (i - inventory. (,) - cycle):
e - 58 stones (quivered)
Press: ? - help, Shift-Dir - straight line, f/p - Duvessa
Aim: Duvessa, wielding a short sword, wearing a runed scale mail and wearing a golden ring (moderately wounded, berserk, fast, unusually strong)
You shoot a stone.
The stone hits Duvessa but does no damage.
Duvessa is moderately wounded.
You block Duvessa's attack.
Firing (i - inventory. (,) - cycle):
e - 57 stones (quivered)
Press: ? - help, Shift-Dir - straight line, f/p - Duvessa
Aim: Duvessa, wielding a short sword, wearing a runed scale mail and wearing a golden ring (moderately wounded, berserk, fast, unusually strong)
You shoot a stone.
The stone hits Duvessa but does no damage.
Duvessa is moderately wounded.
Duvessa barely misses you. Duvessa hits you with a short sword!
You die...

#........# #.....#........#
#.....#........#
#.....#........#
#.....#........#
#.....#........# #
#.....#........###### #.
#.....#............... #..
#(...e@................ #...
#.....#................
#....#.....#................
#...((.(...#................
#....#.)...#................
#... #(....#................
#.. #######................
#. #########........ #
#......#........


You could see Duvessa (berserk).

Vanquished Creatures
  A black bear (D:3)
  Dowan (D:4)
  Jessica (D:3)
  An iguana (D:4)
  Natasha (thrice) (D:3)
  3 gnolls
  5 adders
  6 worms
  A dart slug (D:2)
  A leopard gecko (D:3)
  8 orcs (D:3)
  4 ball pythons
  5 bats
  6 giant cockroaches
  8 goblins
  10 hobgoblins
  7 jackals
  3 kobolds
  4 frilled lizards
  10 rats
88 creatures vanquished.

Notes
Turn   | Place    | Note
-------+----------+-------------------------------------------
     0 | D:1      | sankara the Halfling Fighter began the quest for the Orb.
     0 | D:1      | Reached XP level 1. HP: 15/15 MP: 1/1
   179 | D:1      | Reached skill level 1 in Stealth
   230 | D:1      | Reached XP level 2. HP: 20/20 MP: 2/2
   512 | D:1      | Reached XP level 3. HP: 25/25 MP: 3/3
  1168 | D:2      | Reached skill level 1 in Slings
  1233 | D:2      | Reached XP level 4. HP: 22/30 MP: 4/4
  1303 | D:2      | Noticed a moth of wrath
  1306 | D:2      | Found a bloodstained altar of Trog.
  2438 | D:2      | Reached XP level 5. HP: 35/35 MP: 5/5
  2622 | D:3      | Found a shattered altar of Ashenzari.
  2708 | D:3      | Noticed Jessica
  2738 | D:3      | Killed Jessica
  2816 | D:3      | Reached skill level 5 in Short Blades
  2874 | D:3      | Noticed a black bear
  2899 | D:3      | Killed a black bear
  2899 | D:3      | Reached skill level 5 in Slings
  2899 | D:3      | Reached XP level 6. HP: 18/41 MP: 6/6
  3091 | D:3      | Noticed Natasha
  3099 | D:3      | Killed Natasha
  3246 | D:3      | Noticed Natasha
  3263 | D:3      | Killed Natasha
  3274 | D:3      | Noticed Natasha
  3281 | D:3      | Killed Natasha
  3819 | D:4      | Noticed Duvessa
  3820 | D:4      | Noticed Dowan
  4051 | D:4      | Reached XP level 7. HP: 45/45 MP: 7/7
  4148 | D:4      | Killed Dowan
  4155 | D:4      | HP: 1/45 [Duvessa/short sword (13)]
  4157 | D:4      | Mangled by Duvessa

Skill      XL: |  1  2  3  4  5  6  7 |
---------------+----------------------+-----
Stealth        | 1 2 |  2.2
Short Blades   | 3 4 5 6 |  6.4
Slings         | 1 3 5 6 |  6.2
Fighting       | |  2.6
Armour         | |  3.2
Shields        | |  3.2

Action                   |  1- 3 |  4- 6 |  7- 9 || total
-------------------------+-------+-------+-------++-------
Melee: Rapier            |    21 |       |       ||    21
       Dagger            |    58 |       |       ||    58
       Hunting sling     |       |    19 |    17 ||    36
 Fire: Hunting sling     |    44 |   245 |    32 ||   321
Throw: Tomahawk          |    25 |    70 |       ||    95
 Abil: Evoke Berserk Rag |       |     2 |     1 ||     3
  Use: Scroll            |     6 |     2 |       ||     8
       Potion            |       |       |     8 ||     8
  Eat: Chunk             |     1 |     8 |       ||     9
       Ration            |       |     1 |       ||     1
Armor: Scale mail        |    42 |    60 |    30 ||   132
Dodge: Dodged            |    40 |    69 |    23 ||   132
Block: Shield            |    57 |    98 |    36 ||   191
